 Dungeon Crawl Stone Soup version 0.21.1-1-g345015f (webtiles) character file.

123 Fang the Skirmisher (level 5, -2/33 HPs)
             Began as a Gargoyle Berserker on May 27, 2018.
             Was a Believer of Trog.
             Killed from afar by an orc wizard (4 damage)
             ... with a magic dart
             ... on level 3 of the Dungeon.
             The game lasted 00:01:37 (2089 turns).

Fang the Skirmisher (Gargoyle Berserker)            Turns: 2089, Time: 00:01:39

Health: -2/33      AC:  6    Str: 22    XL:     5   Next: 7%
Magic:  5/5        EV: 12    Int:  7    God:    Trog [**....]
Gold:   51         SH:  0    Dex:  9    Spells: 4/4 levels left

rFire    . . .     SeeInvis .   a - +0 hand axe
rCold    . . .     Gourm    .   (no shield)
rNeg     + . .     Faith    .   b - +0 animal skin
rPois    ∞         Spirit   .   (no helmet)
rElec    +         Reflect  .   (no cloak)
rCorr    .         Harm     .   (no gloves)
MR       .....                  (no boots)
Stlth    +.........             (no amulet)
HPRegen  0.11/turn              (no ring)
MPRegen  0.09/turn              (no ring)

@: berserk cooldown, starving, slowed, very slow
A: negative energy resistance 1, electricity resistance, unbreathing,
petrification resistance, rot immunity, AC +4
a: Berserk, Trog's Hand, Burn Spellbooks, Renounce Religion


You were on level 3 of the Dungeon.
You worshipped Trog.
Trog was pleased with you.
You were starving.

You visited 1 branch of the dungeon, and saw 3 of its levels.

You collected 51 gold pieces.

Inventory:

Hand Weapons
 a - a +0 hand axe (weapon)
Armour
 b - a +0 animal skin (worn)
Scrolls
 d - 2 scrolls of remove curse {unknown}
 f - 2 scrolls of immolation {unknown}
 i - 3 scrolls of blinking {unknown}
 k - a scroll of identify {unknown}
Potions
 e - a potion of might {unknown}
 g - a potion of curing {unknown}
 h - 2 potions of haste {unknown}
 j - a potion of agility {unknown}
Comestibles
 c - 5 rations


   Skills:
 + Level 4.3 Fighting
 + Level 3.8 Axes
 + Level 2.3 Armour
 + Level 2.4 Dodging
 + Level 0.6 Stealth


You had 4 spell levels left.
You didn't know any spells.

Dungeon Overview and Level Annotations

Branches:
Dungeon (3/15)

Altars:


Innate Abilities, Weirdness & Mutations

You are resistant to torment.
Your stone body is resilient. (AC +4)
You are immune to poison.
You resist negative energy. (rN+)
You are resistant to electric shocks. (rElec)
You can survive without breathing.
You are immune to petrification.
You are immune to rotting.


Message History

Trog accepts your kill.
The orc wizard gestures at you while chanting.
The magic dart hits you!
Things that are here:
a club; a golden potion; a goblin corpse You feel a strong urge to attack something.
You are no longer berserk.
You are exhausted.
You feel yourself slow down.
You are starving!
The orc wizard points at you and mumbles some strange words.
The magic dart hits you!
* * * LOW HITPOINT WARNING * * *
You hit the orc wizard but do no damage.
The orc wizard is severely wounded.
The orc wizard mumbles some strange words.
The orc wizard blinks!
The orc wizard points at you and mumbles some strange words.
The magic dart hits you!
You die...

#### # ##### #.. .#
#...###########)# ..#
#.#..........##.##..#
#...######......o...#
###.## #...##.....#
#...# ######@....#
#.### #§....# #(#
#........ #.#
#....#### #.# .......
#.# .. ........ #.#
#.# ........# #.# #.#
###....... #.# #.# #


You could see an orc wizard.

Vanquished Creatures
  An orc wizard (D:3)
  An iguana (D:3)
  2 adders (D:2)
  3 worms (D:2)
  3 leopard geckos
  2 orcs (D:3)
  7 goblins
  3 hobgoblins
  A ball python (D:2)
  5 bats
  5 frilled lizards
  4 kobolds
  7 rats
44 creatures vanquished.

Notes
Turn   | Place    | Note
-------+----------+-------------------------------------------
     0 | D:1      | Fang the Gargoyle Berserker began the quest for the Orb.
     0 | D:1      | Reached XP level 1. HP: 14/14 MP: 1/1
   209 | D:1      | Reached XP level 2. HP: 15/19 MP: 2/2
   478 | D:1      | You fall through a shaft!
   545 | D:2      | Reached XP level 3. HP: 21/24 MP: 3/3
   865 | D:2      | Reached ** piety under Trog
   865 | D:2      | Reached skill level 4 in Fighting
  1208 | D:2      | Reached XP level 4. HP: 14/29 MP: 4/4
  2080 | D:3      | Reached XP level 5. HP: 22/33 MP: 5/5
  2089 | D:3      | Killed from afar by an orc wizard

Skill      XL: |  1  2  3 |
---------------+----------+-----
Axes           | 3 |  3.8
Fighting       | 4 |  4.3
Dodging        | 2 |  2.4
Armour         | |  2.3
Stealth        | |  0.6

Action                   |  1- 3 |  4- 6 || total
-------------------------+-------+-------++-------
Melee: Hand axe          |   127 |    36 ||   163
Invok: Berserk           |     1 |     2 ||     3
  Eat: Chunk             |     2 |     3 ||     5
Armor: Animal skin       |    40 |    11 ||    51
Dodge: Dodged            |    82 |    16 ||    98
